 Dungeon Crawl Stone Soup version 0.31-a0-1009-g454b1f1e0a (webtiles) character file.

Game seed: 12158416641194913581

193 tilp the Sneak (level 5, 0/38 HPs)
             Began as a Vampire Enchanter on Nov 13, 2023.
             Slain by Crazy Yiuf
             ... wielding a +3 quarterstaff of chaos
              (7 damage)
             ... on level 2 of the Dungeon.
             The game lasted 00:02:30 (2206 turns).

tilp the Sneak (Vampire Enchanter)                  Turns: 2206, Time: 00:02:31

Health: 0/38       AC:  3    Str:  7    XL:     5   Next: 43%
Magic:  8/8        EV: 13    Int: 19    God:
Gold:   89         SH:  0    Dex: 15    Spells: 4/9 levels left

rFire   . . .        a - +2 dagger (venom)
rCold   . . .        (no shield)
rNeg    . . .        g - +1 robe
rPois   .            (no helmet)
rElec   .            (no cloak)
rCorr   .            (no gloves)
SInv    +            (no boots)
Will    .....        (no amulet)
Stlth   +++          (no ring)
HPRegen 0.46/turn    (no ring)
MPRegen 0.11/turn

%: no passive effects
@: healing quickly, invisible
A: alive, fangs 3, see invisible, vampiric 2
a: Exsanguinate


You were on level 2 of the Dungeon.
You visited 1 branch of the dungeon, and saw 2 of its levels.

You collected 89 gold pieces.

Inventory:

Hand Weapons
 a - a +2 dagger of venom (weapon)
 b - a +1 dagger
Missiles
 l - 3 boomerangs
 m - 6 poisoned darts (quivered)
Armour
 g - a +1 robe (worn)
Jewellery
 e - an amulet of magic regeneration
Scrolls
 d - 2 scrolls of identify {unknown}
 f - a scroll of vulnerability {unknown}
Potions
 k - a potion of heal wounds {unknown}


   Skills:
 * Level 2.1 Fighting
 * Level 3.1 Short Blades
 + Level 3.0 Dodging
 + Level 5.3 Stealth
 + Level 2.5 Spellcasting
 + Level 5.0 Hexes


You had 4 spell levels left.
You knew the following spells:

 Your Spells              Type           Power      Damage    Failure   Level
a - Ensorcelled Hibernat  Hex/Ice        24%        N/A       9%          2
b - Confusing Touch       Hex            21%        N/A       6%          3

Your spell library contained the following spells:

 Spells                   Type           Power      Damage    Failure   Level
 Tukima's Dance           Hex            21%        N/A       6%          3
 Dazzling Flash           Conj/Hex       24%        N/A       17%         3


Dungeon Overview and Level Annotations

Branches:
Dungeon (2/15)

Altars:
Nemelex Xobeh

Annotations:
D:2 Crazy Yiuf


Innate Abilities, Weirdness & Mutations

Your natural rate of healing is accelerated.
You have razor-sharp teeth.
You have supernaturally acute eyesight. (SInv)
You are afflicted with vampirism and can become a bat while bloodless.


Message History

You hit the fungus. You bite the fungus, but do no damage.
The fungus is lightly damaged.
You hit the fungus.
The fungus looks as sick as possible!
The fungus is lightly damaged.
You hit the fungus. You bite the fungus.
The fungus is lightly damaged.
A nearby fungus withers and dies.
You hit the fungus.
The fungus begins to die.
The fungus is lightly damaged.
You hit the fungus but do no damage.
The fungus is lightly damaged.
You hit the fungus.
The fungus is lightly damaged.
You hit the fungus but do no damage.
The fungus is lightly damaged.
You hit the fungus. You bite the fungus.
The fungus is lightly damaged.
A nearby fungus withers and dies.
You hit the fungus.
The fungus begins to die.
The fungus is poisoned.
The fungus is lightly damaged.
A nearby fungus withers and dies.
Found a hammer.
Found a runed translucent door.
You open the door.
There is an open translucent door here.
Crazy Yiuf shouts!
Crazy Yiuf cries, "You leg down broken song, no?"
Crazy Yiuf misses you.
You hit Crazy Yiuf but do no damage.
Crazy Yiuf hits you with a +3 quarterstaff of chaos!
You convulse!
* * * LOW HITPOINT WARNING * * *
Unknown command.
You hit Crazy Yiuf.
Crazy Yiuf is poisoned.
You bite Crazy Yiuf.
Crazy Yiuf is moderately wounded.
Crazy Yiuf hits you with a +3 quarterstaff of chaos.
* * * LOW HITPOINT WARNING * * *
Unknown command.
You fade into invisibility!
Crazy Yiuf hits you with a +3 quarterstaff of chaos!
You die...

### # ##.## ##### ##...##
#.... #.....# #.### ######
##### ##...## #.# # ##...P##
###..)# ###.#####.#
#......####.'.@g# #.........#
#....#..#..##...# ###.#######
#.#..P.#.######## ##'##
#..####### ##...## ##.#
#.....## # #.#
###########......## ##
#.######....##.#.........####.
#..............'.........'....
########....##.#.........####.


You could see Crazy Yiuf (unable to see you, very poisoned).

Vanquished Creatures
  Sigmund (D:2)
  An adder (D:2)
  2 dart slugs
  2 ball pythons
  2 giant cockroaches (D:1)
  4 goblins
  A hobgoblin (D:2)
  4 jackals (D:2)
  3 kobolds
  A quokka (D:1)
  A bat (D:2)
  2 frilled lizards
  5 rats
29 creatures vanquished.

Notes
Turn   | Place    | Note
-------+----------+-------------------------------------------
     0 | D:1      | tilp the Vampire Enchanter began the quest for the Orb.
     0 | D:1      | Reached XP level 1. HP: 13/13 MP: 3/3
   339 | D:1      | Reached XP level 2. HP: 20/20 MP: 5/5
   342 | D:1      | Learned a level 2 spell: Ensorcelled Hibernation
  1153 | D:2      | Reached skill level 1 in Fighting
  1191 | D:2      | Gained mutation: You are afflicted with vampirism and can
                  | become a bat while bloodless. [Vampire growth]
  1191 | D:2      | Reached XP level 3. HP: 26/26 MP: 6/6
  1201 | D:2      | Learned a level 3 spell: Confusing Touch
  1249 | D:2      | Found a sparkling altar of Nemelex Xobeh.
  1980 | D:2      | Noticed Sigmund
  1986 | D:2      | Killed Sigmund
  1987 | D:2      | Reached skill level 5 in Stealth
  1987 | D:2      | Reached skill level 5 in Hexes
  1987 | D:2      | Reached XP level 4. HP: 10/33 MP: 7/7
  1987 | D:2      | Reached XP level 5. HP: 11/38 MP: 8/8
  2196 | D:2      | Found a runed translucent door.
  2197 | D:2      | Noticed Crazy Yiuf
  2206 | D:2      | Slain by Crazy Yiuf

Illustrated notes

Levels and vault maps discovered:
D:1:      dpeg_arrival_leaves_temple_mockup, layout_basic,
          hangedman_decor_diamond_cutter
D:2:      layout_loops_corners, basic_altar, grunt_ministairs_7, uniq_sigmund,
          uniq_crazy_yiuf_cottage

Skill      XL: |  1  2  3 |
---------------+----------+-----
Fighting       | 1 2 |  2.1
Short Blades   | 3 |  3.1
Dodging        | 3 |  3.0
Stealth        | 5 |  5.3
Hexes          | 5 |  5.0
Spellcasting   | |  2.5

Action                     |  1- 3 |  4- 6 || total
---------------------------+-------+-------++-------
  Melee: Dagger            |    67 |    17 ||    84
         Bite              |     5 |     6 ||    11
  Throw: Stone             |     1 |       ||     1
   Cast: Ensorcelled Hiber |     1 |       ||     1
    Use: Potion            |     2 |     1 ||     3
         Scroll            |     6 |       ||     6
   Stab: Sleeping          |     9 |     1 ||    10
         Invisible         |     2 |       ||     2
 Armour: Robe              |    35 |     4 ||    39
  Dodge: Dodged            |    35 |     5 ||    40

Table legend: (Time is in decaauts)
 A = Elapsed time spent in this place.
 B = Non-inter-level travel time spent in this place.
 C = Inter-level travel time spent in this place.
 D = Time resting spent in this place.
 E = Time spent auto-exploring this place.
 F = Levels seen in this place.
 G = Mean time per level.
                   A        B        C        D        E       F      G
               +--------+--------+--------+--------+--------+-----+--------+
         Total |   2199 |   2130 |     69 |    185 |   1673 |   2 | 1099.5 |
       Dungeon |   2199 |   2130 |     69 |    185 |   1673 |   2 | 1099.5 |
               +--------+--------+--------+--------+--------+-----+--------+

Top non-repeatable levels by time:
     D:1: 1105 daAuts
     D:2: 1093 daAuts
